AoeStats
← Because I Got High

Arabia

510454042Analyzed
1v1 RM · 23h ago on Oct 1, 2026· 34m 6s· 2 players
Game mode
Random Map
Map size
Tiny (2 player)
Population
200
Speed
Normal
Resources
Standard
Victory
Conquest
Starting age
Dark Age
Ending age
Imperial Age
RankedLock teamsTeams togetherTeam positionsShared explorationLock speedFull tech treeHidden civsTurbo modeCheats
Victory
Defeat
🇦🇷 Huns · Argentina
1244
+14
🇧🇷 Burmese · Brazil
1204
-14
Sopa
6:38 Loom
9:14 Feudal Age
9:46 Horse Collar
9:37 Man-at-Arms
16:41 Fletching
21:03 Scale Mail Armor
21:13 Forging
22:28 Arson
23:26 Wheelbarrow
26:39 Castle Age
25:39 Padded Archer Armor
27:27 Squires
26:48 Long Swordsman
27:13 Gambesons
29:40 Bodkin Arrow
31:28 Chain Mail Armor
32:29 Town Watch
Because I Got High
6:50 Loom
9:15 Feudal Age
10:00 Double-Bit Axe
9:55 Horse Collar
23:03 Castle Age
23:05 Gold Mining
23:12 Fletching
23:34 Bloodlines
26:23 Bodkin Arrow
28:46 Padded Archer Armor
31:46 Leather Archer Armor
31:32 Husbandry
31:56 Bow Saw
Connection lost

Rejoining the realm…

Still unreachable

The connection could not be restored.

Session expired

The server has moved on; the page needs a fresh start.